AoeStats
← Bubbas 4 everyone

Arabia

505095889Analyzed
1v1 RM · 25d ago on Sep 7, 2026· 36m 57s· 2 players
Game mode
Random Map
Map size
Tiny (2 player)
Population
200
Speed
Normal
Resources
Standard
Victory
Conquest
Starting age
Dark Age
Ending age
Imperial Age
RankedLock teamsTeams togetherTeam positionsShared explorationLock speedFull tech treeHidden civsTurbo modeCheats
Victory
Defeat
🇬🇧 Japanese · United Kingdom
911
+17
🇺🇸 Japanese · United States
943
-17
pbootly
12:26 Feudal Age
11:31 Loom
14:46 Double-Bit Axe
17:13 Castle Age
16:57 Man-at-Arms
18:07 Town Watch
20:15 Bow Saw
22:03 Fervor
23:21 Horse Collar
25:21 Fletching
26:45 Gold Mining
26:45 Stone Mining
27:03 Elite Skirmisher
28:14 Bodkin Arrow
30:11 Wheelbarrow
29:37 Town Patrol
30:51 Ballistics
30:42 Fortified Wall
32:04 Gold Shaft Mining
32:39 Heavy Plow
35:34 Imperial Age
33:12 Scale Mail Armor
32:47 Pikeman
35:45 Guard Tower
35:51 Murder Holes
Bubbas 4 everyone
1:45 Loom
10:39 Feudal Age
11:40 Man-at-Arms
13:02 Horse Collar
21:46 Castle Age
20:03 Fletching
21:06 Forging
21:21 Arson
22:02 Pikeman
24:17 Husbandry
25:27 Bodkin Arrow
27:09 Wheelbarrow
26:21 Town Watch
30:22 Thumb Ring
30:52 Ballistics
33:02 Scale Mail Armor
Connection lost

Rejoining the realm…

Still unreachable

The connection could not be restored.

Session expired

The server has moved on; the page needs a fresh start.